AoeStats
← Ken

Pilgrims

508659600Analyzed
4v4 RM · 8d ago on Sep 23, 2026· 47m 52s· 8 players
Game mode
Random Map
Map size
Large (8 player)
Population
200
Speed
Normal
Resources
Standard
Victory
Conquest
Starting age
Dark Age
Ending age
Imperial Age
RankedLock teamsTeams togetherTeam positionsShared explorationLock speedFull tech treeHidden civsTurbo modeCheats
Victory
Defeat
🇨🇳 Teutons · China
1155
+17
🇨🇳 Varangians · China
1135
+18
🇦🇷 Lithuanians · Argentina
1134
+18
🇭🇰 Vikings · Hong Kong SAR China
1131
+18
🇨🇳 Chinese · China
1227
-21
🇵🇱 Japanese · Poland
1219
-19
🇨🇳 Franks · China
1129
-16
🇹🇼 Danes · Taiwan
1118
-15
帅死八个人
11:58 Feudal Age
13:05 Double-Bit Axe
15:51 Castle Age
15:28 Double-Bit Axe
16:02 Horse Collar
19:12 Scale Barding Armor
22:23 Heavy Plow
23:03 Forging
25:45 Chain Barding Armor
29:20 Imperial Age
28:50 Wheelbarrow
28:53 Iron Casting
29:48 Hand Cart
29:36 Scale Mail Armor
29:46 Gold Mining
29:50 Stone Mining
29:28 Cavalier
30:40 Loom
32:49 Conscription
32:52 Paladin
33:43 Bloodlines
38:01 Plate Barding Armor
38:27 Blast Furnace
43:24 Elite Teutonic Knight
44:23 Chain Mail Armor
43:59 Fletching
Amante Peludo
12:16 Feudal Age
10:38 Loom
18:14 Man-at-Arms
34:21 Castle Age
34:14 Double-Bit Axe
36:11 Husbandry
42:45 Gold Mining
43:43 Wheelbarrow
43:30 Light Cavalry
44:23 Bloodlines
45:52 Forging
45:48 Scale Barding Armor
47:59 Chain Barding Armor
48:14 Iron Casting
Huns
6:47 Loom
11:57 Feudal Age
12:51 Double-Bit Axe
12:27 Man-at-Arms
12:57 Town Watch
13:02 Fishing Lines
14:14 Scale Mail Armor
14:17 Arson
15:10 Forging
22:46 Castle Age
22:10 Stone Mining
22:12 Fletching
Kobe Cashon
3:57 Loom
10:12 Feudal Age
11:37 Wheelbarrow
11:01 Fishing Lines
15:13 Wheelbarrow
14:57 Double-Bit Axe
21:36 Castle Age
20:00 Horse Collar
22:00 Fletching
23:20 Gillnets
23:41 Medium Warships
23:47 Heavy Plow
23:59 Bow Saw
23:50 Bodkin Arrow
24:49 Hand Cart
25:13 Gold Mining
26:50 Stone Mining
32:28 Bloodlines
32:19 Husbandry
34:50 Imperial Age
32:37 Forging
32:32 Scale Barding Armor
33:39 Ballistics
34:47 Iron Casting
34:32 Chain Barding Armor
33:34 Light Cavalry
35:20 Town Watch
36:38 Blast Furnace
35:40 Bracer
35:02 Hussar
35:26 Elite Longship
36:49 Stone Shaft Mining
35:41 Cavalier
37:33 Plate Barding Armor
37:58 Conscription
39:22 Vendel Legacy
41:30 Chemistry
40:36 Siege Engineers
42:19 Town Patrol
46:48 Scale Mail Armor
jkeR.!
6:48 Loom
12:00 Feudal Age
14:57 Man-at-Arms
30:15 Castle Age
29:11 Double-Bit Axe
30:27 Horse Collar
31:18 Pikeman
36:20 Scale Mail Armor
36:44 Forging
36:31 Fishing Lines
36:49 Stone Mining
37:39 Bow Saw
45:51 Imperial Age
44:01 Wheelbarrow
46:17 Halberdier
Monkidz
8:10 Loom
11:22 Feudal Age
11:44 Man-at-Arms
18:36 Fletching
18:59 Double-Bit Axe
19:05 Gold Mining
26:23 Castle Age
24:16 Stone Mining
25:47 Arson
27:00 Scale Mail Armor
27:11 Forging
26:55 Gambesons
27:46 Medium Warships
27:33 Bodkin Arrow
28:22 Squires
29:25 Padded Archer Armor
31:18 Wheelbarrow
34:38 Chain Mail Armor
35:56 Horse Collar
36:31 Bow Saw
37:46 Iron Casting
37:18 Heavy Plow
Ken
11:49 Loom
18:14 Feudal Age
27:36 Castle Age
27:24 Double-Bit Axe
29:43 Husbandry
37:01 Wheelbarrow
巨大的问号
2:38 Loom
11:21 Feudal Age
15:18 Castle Age
13:16 Double-Bit Axe
14:43 Gold Mining
16:15 Scale Mail Armor
17:11 Chain Mail Armor
16:58 Squires
19:04 Forging
23:18 Iron Casting
26:37 Imperial Age
24:43 Wheelbarrow
24:48 Fletching
27:49 Gold Shaft Mining
27:45 Medium Warships
28:16 Plate Mail Armor
30:33 Heavy Warships
34:33 Wheelbarrow
34:42 Bodkin Arrow
34:57 Crossbowman
35:38 Bracer
37:17 Hand Cart
Connection lost

Rejoining the realm…

Still unreachable

The connection could not be restored.

Session expired

The server has moved on; the page needs a fresh start.